 Dungeon Crawl Stone Soup version 0.19.5 (webtiles) character file.

14266 ugelson the Bludgeoner (level 11, -1/88 (89) HPs)
             Began as a Minotaur Fighter on Mar 14, 2017.
             Was a High Priest of Hepliaklqana.
             Killed from afar by a lindwurm (31 damage)
             ... with a blast of flame
             ... in a volcano on Mar 15, 2017.
             The game lasted 01:02:16 (10316 turns).

ugelson the Bludgeoner (Minotaur Fighter)          Turns: 10316, Time: 01:02:20

HP:   -1/88 (89)    AC: 19    Str: 26    XL:     11   Next: 86%
MP:   10/10         EV:  6    Int:  3    God:    Hepliaklqana [*****.]
Gold: 679           SH: 12    Dex: 10    Spells: 0 memorised, 10 levels left

rFire  . . .     SeeInvis .     J - +2 morningstar
rCold  . . .     Gourm    .     a - +0 plate armour
rNeg   . . .     Faith    .     c - +0 shield
rPois  .         Spirit   .     (helmet restricted)
rElec  .         Reflect  .     W - +2 cloak
rCorr  .         Harm     .     D - +0 pair of gloves
MR     +....                    (no boots)
Stlth  ..........               (no amulet)
                                G - ring of protection from magic
                                V - ring of flight

@: no status effects
A: retaliatory headbutt, reduced essence, horns 2, dopey 1, regeneration 1,
strong 1, subdued magic 1
a: Recall Ancestor, Ancestor Identity, Transference, Idealise, Renounce
Religion, Evoke Flight


You were in a volcano.
You worshipped Hepliaklqana.
Hepliaklqana was extremely pleased with you.
You were not hungry.

You visited 2 branches of the dungeon, and saw 13 of its levels.
You also visited: Volcano.

You collected 734 gold pieces.
You spent 55 gold pieces at shops.

Inventory:

Hand Weapons
 J - a +2 morningstar (weapon)
 R - a +0 longbow
Missiles
 y - 122 arrows
 H - 8 exploding tomahawks (quivered)
Armour
 a - a +0 plate armour (worn)
 c - a +0 shield (worn)
 D - a +0 pair of gloves (worn)
 W - a +2 cloak (worn)
Jewellery
 g - an uncursed ring of fire
 h - an uncursed ring of ice
 G - a ring of protection from magic (right hand)
 I - an uncursed ring of resist corrosion
 V - a ring of flight (left hand)
Wands
 q - a wand of lightning (11/15)
 r - a wand of acid (8/15)
 F - a wand of disintegration (16/24)
 M - a wand of flame (25/48)
 N - a wand of slowing (28/48)
 X - a wand of paralysis (12/24)
Scrolls
 b - 2 scrolls of recharging {unknown}
 e - 2 scrolls of enchant weapon
 k - 7 scrolls of remove curse
 l - 6 scrolls of identify
 n - 2 scrolls of noise
 o - 3 scrolls of enchant armour
 t - 2 scrolls of magic mapping {unknown}
 u - 2 scrolls of random uselessness {unknown}
 v - 2 scrolls of amnesia {unknown}
 K - a scroll of blinking {unknown}
 L - a scroll of holy word {unknown}
 O - a scroll of fog
 Q - a scroll of teleportation
Potions
 d - 4 potions of might
 i - 3 potions of agility {unknown}
 j - a potion of resistance {unknown}
 p - 2 potions of brilliance {unknown}
 s - 2 potions of cancellation {unknown}
 w - a potion of lignification {unknown}
 z - 2 potions of invisibility {unknown}
 A - 4 potions of curing
 B - 2 potions of degeneration
 C - 4 potions of haste
 E - a potion of mutation {unknown}
 P - a potion of experience {unknown}
 U - a potion of berserk rage {unknown}
Comestibles
 f - 9 bread rations
 m - 3 meat rations
 x - 5 beef jerkies
 S - 6 fruits
 T - a slice of pizza


   Skills:
 + Level 9.9 Fighting
 - Level 16.0 Maces & Flails
 + Level 10.0 Armour
 + Level 9.7 Shields


You had 10 spell levels left.
You didn't know any spells.

Dungeon Overview and Level Annotations

Branches:
Dungeon (11/15)            Temple (0/1) D:7            Lair (2/6) D:9
  Swamp (0/4) Lair:2        Snake (0/4) Lair:2          Orc (0/2) D:10

Altars:
Ashenzari
Dithmenos
Elyvilon
Fedhas
Hepliaklqana
Kikubaaqudgha
Makhleb
Okawaru
Qazlal
Uskayaw
Zin
The Shining One

Shops:
D:4 ?   D:9 =   D:10 :


Innate Abilities, Weirdness & Mutations

You reflexively headbutt those who attack you in melee.
You have a pair of horns on your head.
Your life essence is reduced. (-10% HP)
You are dopey. (Int -2)
Your natural rate of healing is unusually fast.
Your muscles are strong. (Str +2)
Your spells are a little easier to cast, but a little less powerful.


Message History

The lindwurm bites you!
* * * LOW HITPOINT WARNING * * *
The lindwurm completely misses you.
The lindwurm claws you but does no damage.
You swap places.
Something closely misses Takurtum.
Something bites Takurtum.
Takurtum is engulfed in flames.
Takurtum resists.
Takurtum blocks the lindwurm's attack. x3
Takurtum hits the lindwurm but does no damage.
Takurtum blocks something's attack.
Something bites Takurtum but does no damage.
Takurtum blocks the lindwurm's attack.
The lindwurm barely misses Takurtum.
Takurtum blocks the lindwurm's attack.
Takurtum completely misses the fire bat.
The lindwurm breathes flames at you.
The blast of flame hits Takurtum.
Takurtum resists.
Takurtum is destroyed!
The blast of flame hits you!
You die...

#. ###.## #####
#.....######h.....
........##.kb..$.$
§≈≈≈.......#b##.∩.)
§§§§§...bk#### $
≈≈§≈≈§§....#
≈§≈§≈≈....##
≈≈≈≈§≈..@.#
§§§§§≈.....#
§≈§§§...#.##
..§§§§...## ###
.##....##.##≈§##
##### ##.≈§§≈#
#..≈§§§## #...≈≈≈§#
#...≈≈§≈#


You could see a lindwurm and a fire bat.

Vanquished Creatures
  Erolcha (D:11)
  Fannar (Lair:2)
  A centaur warrior (D:10)
  The ghost of murphvienna the Cleaver, a novice MiBe of Trog (D:9)
  A cyclops (D:11)
  Maurice (D:11)
  A komodo dragon (Lair:2)
  Prince Ribbit (D:9)
  3 hippogriffs
  5 yaks
  3 fire bats
  A wraith (D:8)
  2 hungry ghosts (D:10)
  2 nagas (Lair:2)
  A water moccasin (Lair:2)
  A porcupine (Lair:2)
  4 orc warriors
  2 sky beasts (D:5)
  7 ogres
  2 black bears
  A necrophage (D:7)
  3 wolves (D:10)
  2 crocodiles
  Blork the orc (D:4)
  A big kobold (D:11)
  5 bullfrogs
  A wyvern zombie (D:9)
  A scorpion (D:10)
  2 troll zombies (D:10)
  5 wights (D:8)
  An electric eel (Lair:2)
  5 howler monkeys
  A centaur zombie (D:9)
  4 crimson imps
  6 hounds
  6 orc priests
  4 orc wizards
  2 centaur skeletons
  Jessica (D:2)
  Ijyb (D:2)
  An iguana (D:7)
  3 worker ants
  4 ogre zombies (D:10)
  A hound zombie (D:8)
  A hound skeleton (D:5)
  7 adders
  2 gnolls
  A howler monkey skeleton (D:10)
  A shadow imp (D:9)
  An adder zombie (D:6)
  An ooze (D:5)
  2 adder skeletons
  5 worms
  A dart slug (D:4)
  9 leopard geckos
  37 orcs
  2 ball pythons (D:4)
  9 bats
  4 giant cockroaches
  5 hobgoblins (D:1)
  8 jackals
  8 kobolds
  5 quokkas
  6 frilled lizards
  5 goblins
  2 goblin skeletons (D:10)
  A goblin zombie (D:10)
  A hobgoblin skeleton (D:10)
  A hobgoblin zombie (D:10)
  A leopard gecko zombie (D:6)
  4 orc skeletons (D:10)
  10 orc zombies (D:10)
  9 rats
  A fungus (Lair:1)
253 creatures vanquished.

Vanquished Creatures (collateral kills)
  A hydra (D:11)
  Erica (Lair:2)
  2 komodo dragons
  A troll (D:9)
  2 fire bats
  5 yaks
  2 hungry ghosts
  An orc warrior (D:11)
  An ogre (D:9)
  A crocodile (D:11)
  2 bullfrogs (D:9)
  An orc priest (D:11)
  A centaur skeleton (D:10)
  A worker ant zombie (D:11)
  A gnoll (D:8)
  A leopard gecko (D:7)
  4 orcs
  A quokka (D:9)
  2 kobolds (D:11)
31 creatures vanquished.

Vanquished Creatures (others)
  2 knights
  3 ancestors
5 creatures vanquished.

Grand Total: 289 creatures vanquished

Notes
Turn   | Place    | Note
-------+----------+-------------------------------------------
     0 | D:1      | ugelson the Minotaur Fighter began the quest for the Orb.
     0 | D:1      | Reached XP level 1. HP: 19/19 MP: 0/0
    99 | D:1      | Reached XP level 2. HP: 27/27 MP: 1/1
   371 | D:1      | Reached skill level 3 in Maces & Flails
   409 | D:1      | Reached XP level 3. HP: 27/33 MP: 2/2
   628 | D:2      | Noticed Ijyb
   632 | D:2      | Killed Ijyb
   632 | D:2      | Reached skill level 4 in Maces & Flails
   751 | D:2      | Noticed Jessica
   754 | D:2      | Killed Jessica
   754 | D:2      | Reached XP level 4. HP: 39/40 MP: 3/3
   952 | D:2      | Found an ancient bone altar of Kikubaaqudgha.
   953 | D:2      | Found a glowing golden altar of the Shining One.
  1047 | D:2      | Found a burning altar of Makhleb.
  1059 | D:2      | Reached skill level 5 in Maces & Flails
  1216 | D:2      | Reached XP level 5. HP: 37/46 MP: 4/4
  1405 | D:3      | Found a white marble altar of Elyvilon.
  1449 | D:3      | Reached skill level 6 in Maces & Flails
  2079 | D:4      | Reached skill level 7 in Maces & Flails
  2079 | D:4      | Reached XP level 6. HP: 33/52 MP: 5/5
  2092 | D:4      | Found Vischu's Magic Scroll Emporium.
  2105 | D:4      | Bought a scroll of remove curse for 33 gold pieces
  2105 | D:4      | Bought a scroll of identify for 22 gold pieces
  2440 | D:5      | Entered Level 5 of the Dungeon
  2536 | D:5      | Noticed Blork the orc
  2815 | D:4      | Killed Blork the orc
  2886 | D:5      | Reached skill level 8 in Maces & Flails
  2911 | D:5      | Noticed a sky beast
  2925 | D:5      | Killed a sky beast
  2925 | D:5      | Reached XP level 7. HP: 43/59 MP: 6/6
  2953 | D:5      | Found a hazy altar of Hepliaklqana.
  2974 | D:5      | Became a worshipper of Hepliaklqana the Forgotten
  3079 | D:5      | Reached skill level 9 in Maces & Flails
  3129 | D:5      | Gained mutation: Your spells are a little easier to cast, but a little less powerful. [mutagenic meat]
  3130 | D:5      | Gained mutation: Scrolls take you a little longer to read. [mutagenic meat]
  3131 | D:5      | Gained mutation: You are dopey. (Int -2) [mutagenic meat]
  3132 | D:5      | Lost mutation: Scrolls take you a little longer to read. [mutagenic meat]
  3133 | D:5      | Gained mutation: Your natural rate of healing is unusually fast. [mutagenic meat]
  3134 | D:5      | Gained mutation: Your muscles are strong. (Str +2) [mutagenic meat]
  3642 | D:6      | Reached skill level 10 in Maces & Flails
  3710 | D:6      | Found an iron altar of Okawaru.
  3710 | D:6      | Found a hide-covered altar of Uskayaw.
  3710 | D:6      | Found a shadowy altar of Dithmenos.
  3710 | D:6      | Found a blossoming altar of Fedhas.
  3716 | D:6      | Found a glowing silver altar of Zin.
  3716 | D:6      | Found a shattered altar of Ashenzari.
  4114 | D:7      | Found a stormy altar of Qazlal.
  4136 | D:7      | Reached skill level 11 in Maces & Flails
  4136 | D:7      | Reached XP level 8. HP: 34/59 MP: 7/7
  4206 | D:7      | Reached * piety under Hepliaklqana
  4340 | D:7      | Found a staircase to the Ecumenical Temple.
  4340 | D:7      | Noticed a hippogriff
  4347 | D:7      | Killed a hippogriff
  4347 | D:7      | Reached skill level 12 in Maces & Flails
  4933 | D:8      | Reached skill level 13 in Maces & Flails
  4954 | D:8      | Reached XP level 9. HP: 59/62 MP: 8/8
  5009 | D:8      | Reached ** piety under Hepliaklqana
  5011 | D:8      | Remembered your ancestor Takurtum as a knight
  5375 | D:9      | Noticed murphvienna's ghost (novice MiBe)
  5398 | D:9      | Killed murphvienna's ghost
  5398 | D:9      | Reached skill level 14 in Maces & Flails
  5610 | D:9      | Noticed a troll
  5626 | D:9      | Killed a troll
  5626 | D:9      | Reached skill level 15 in Maces & Flails
  5817 | D:9      | Noticed Prince Ribbit
  5823 | D:9      | Killed Prince Ribbit
  5895 | D:9      | Found Gemimpou's Jewellery Shoppe.
  6190 | D:9      | Reached XP level 10. HP: 59/69 MP: 9/9
  6304 | D:9      | Reached skill level 16 in Maces & Flails
  6327 | D:9      | Found a staircase to the Lair.
  6505 | D:10     | Entered Level 10 of the Dungeon
  6708 | D:10     | Found Guloz's Book Emporium.
  6765 | D:10     | Found a staircase to the Orcish Mines.
  6776 | D:10     | Reached skill level 5 in Fighting
  6797 | D:10     | Reached skill level 5 in Armour
  6862 | D:10     | Noticed a centaur warrior
  6875 | D:10     | Killed a centaur warrior
  6875 | D:10     | Reached skill level 5 in Shields
  7421 | D:11     | Reached *** piety under Hepliaklqana
  7442 | D:11     | Noticed a cyclops
  7476 | D:11     | Killed a cyclops
  7981 | D:11     | Noticed Erolcha
  7983 | D:11     | Paralysed by Erolcha for 5 turns
  7990 | D:11     | Killed Erolcha
  7990 | D:11     | Reached XP level 11. HP: 46/81 MP: 10/10
  8131 | D:11     | Noticed a seven-headed hydra
  8139 | D:11     | Killed a seven-headed hydra
  8234 | D:11     | Noticed Maurice
  8245 | D:11     | Killed Maurice
  8393 | Lair:1   | Entered Level 1 of the Lair of Beasts
  8791 | Lair:1   | Reached **** piety under Hepliaklqana
  9563 | Lair:2   | Noticed Fannar
  9826 | Lair:2   | Noticed Erica
  9833 | Lair:2   | Killed Erica
  9920 | Lair:2   | Reached ***** piety under Hepliaklqana
  9972 | Lair:2   | Killed Fannar
 10063 | Lair:2   | Found a staircase to the Swamp.
 10093 | Lair:2   | Found a staircase to the Snake Pit.
 10263 | Lair:2   | Found a dark tunnel.
 10275 | Volcano  | Entered a volcano
 10292 | Volcano  | Noticed a lindwurm
 10308 | Volcano  | Reached skill level 10 in Armour
 10316 | Volcano  | Killed from afar by a lindwurm

Skill      XL: |  1  2  3  4  5  6  7  8  9 10 11 |
---------------+----------------------------------+-----
Fighting       | 4 7 9 |  9.9
Shields        | 4 7 9 |  9.7
Maces & Flails | 3 4 5 7 8 11 13 15 16 | 16.0
Armour         | 7 10 | 10.0

Action                   |  1- 3 |  4- 6 |  7- 9 | 10-12 || total
-------------------------+-------+-------+-------+-------++-------
Melee: Flail             |    76 |   152 |   169 |       ||   397
       Headbutt          |     9 |    25 |    52 |    73 ||   159
       Morningstar       |       |       |    96 |   343 ||   439
Invok: Recall Ancestor   |       |       |     2 |     1 ||     3
       Ancestor Life: Kn |       |       |     1 |       ||     1
  Use: Scroll            |       |       |     1 |     8 ||     9
 Stab: Distracted        |       |       |     3 |     3 ||     6
  Eat: Chunk             |       |     3 |    10 |     4 ||    17
       Pizza             |       |     1 |       |     1 ||     2
       Fruit             |       |     3 |     2 |     5 ||    10
       Bread ration      |       |       |     1 |       ||     1
       Meat ration       |       |       |       |     2 ||     2
       Beef jerky        |       |       |       |     1 ||     1
Armor: Scale mail        |    56 |    55 |    40 |       ||   151
       Plate armour      |       |       |    42 |   142 ||   184
Dodge: Dodged            |    31 |    31 |    37 |    46 ||   145
Block: Shield            |    49 |    77 |   114 |   139 ||   379
